 Dungeon Crawl Stone Soup version 0.17-a0-777-g32247ce (webtiles) character file.

3677 Lokkij the Martial Artist (level 9, 0/59 HPs)
             Began as a Demonspawn Transmuter on Apr 25, 2015.
             Was an Initiate of Ru.
             Slain by a salamander
             ... wielding a +4 trident
              (4 damage)
             ... in a volcano.
             The game lasted 00:33:50 (10408 turns).

Lokkij the Martial Artist (Demonspawn Transmuter)  Turns: 10408, Time: 00:33:51

Health: 0/59       AC: 10    Str: 13    XL:     9   Next: 89%
Magic:  0/15       EV: 12    Int: 17    God:    Ru [......]
Gold:   397        SH:  0    Dex: 18    Spells: 3 memorised, 8 levels left

rFire  + . .     SeeInvis .       - Unarmed
rCold  . . .     Clarity  .     z - +6 leather armour of Whack-A-Mole {rPois rF+ Dex+4}
rNeg   . . .     SustAb   +     (shield currently unavailable)
rPois  +         Gourm    .     (helmet restricted)
rElec  .         Spirit   +     A - +0 cloak
rCorr  .         Warding  .     (gloves currently unavailable)
rMut   .         Stasis   .     (no boots)
MR     .....                    (no amulet)
Stlth  +.........               v - ring of sustain abilities
                                w - +2 ring of strength

@: blade hands (expiring), not resistant to hostile enchantments, very
unstealthy
A: claws 2, hooves 1, horns 1, poison resistance, screaming 1, magic shield,
placid magic 1
a: End Transformation, Renounce Religion


You were in a volcano.
You worshipped Ru.
Ru was noncommittal.
You were very hungry.
You had blades for hands.
You visited 3 branches of the dungeon, and saw 10 of its levels.
You also visited: Volcano.

You collected 397 gold pieces.

Inventory:

Hand weapons
 n - a +0 quarterstaff of draining
Missiles
 a - 96 arrows
 t - 11 arrows of frost
Armour
 o - a +3 leather armour of magic resistance
 z - the +6 leather armour of Whack-A-Mole (worn) {rPois rF+ Dex+4}
   (You found it on level 8 of the Dungeon)

   It affects your dexterity (+4).
   It protects you from fire.
   It protects you from poison.
 A - a +0 cloak (worn)
Magical staves
 k - an uncursed staff of summoning
Jewellery
 v - a ring of sustain abilities (right scythe-like blade)
 w - a +2 ring of strength (left scythe-like blade)
Scrolls
 b - a scroll of noise {unknown}
 e - 5 scrolls of identify
 f - a scroll of recharging {unknown}
 h - 3 scrolls of enchant armour
 m - 2 scrolls of magic mapping
 p - a scroll of amnesia {unknown}
 q - 2 scrolls of fear
 s - 3 scrolls of teleportation
 x - 2 scrolls of immolation
 y - a scroll of vulnerability {unknown}
Potions
 l - a potion of brilliance
Books
 c - a book of Changes

   Spells                             Type                      Level
   a - Beastly Appendage              Transmutation                1
   b - Sticks to Snakes               Transmutation                2
   c - Spider Form                    Transmutation/Poison         3
   d - Ice Form                       Ice/Transmutation            4
   e - Blade Hands                    Transmutation                5
Comestibles
 d - 10 bread rations
 i - 5 fruits
 j - 7 beef jerkies
 u - 5 meat rations


   Skills:
 - Level 1.0 Fighting
 - Level 1.7 Dodging
 * Level 9.7 Unarmed Combat
 + Level 4.4 Spellcasting
 + Level 8.4 Transmutations


You had 8 spell levels left.
You knew the following spells:

 Your Spells              Type           Power        Failure   Level  Hunger
a - Beastly Appendage     Trmt           ###...       7%          1    None
b - Sticks to Snakes      Trmt           ###.......   7%          2    ##.....
c - Blade Hands           Trmt           ###.......   43%         5    ######.


Dungeon Overview and Level Annotations

Branches:
Dungeon (8/15)             Temple (1/1) D:7            Lair (1/8) D:8

Altars:
Ashenzari
Dithmenos
Fedhas
Gozag
Kikubaaqudgha
Makhleb
Nemelex Xobeh
Okawaru
Qazlal
Ru
Sif Muna
Trog
Vehumet
Xom
Yredelemnul
Zin
The Shining One

Annotations:
D:3 exclusion: 4 doors
D:4 MordorOrchid's ghost, average FeTm


Innate Abilities, Weirdness & Mutations

You have very sharp fingernails.
You have large cloven feet.
You occasionally shout uncontrollably at your foes.
When hurt, damage is shared between your health and your magic reserves.
You have a pair of small horns on your head.
Your system is resistant to poisons.
Your spells are a little easier to cast, but a little less powerful.


Message History

The salamander hits you from afar with a spear!
You are engulfed in flames.
You resist.
You slash the salamander mystic!
You kick the salamander mystic, but do no damage.
You headbutt the salamander mystic.
The salamander mystic is severely wounded.
The salamander hits you from afar with an enchanted trident!
You are engulfed in flames!
You resist.
The salamander mystic barely misses you.
You slash the salamander mystic!
Your headbutt misses the salamander mystic.
The salamander mystic is almost dead.
The salamander hits you from afar with a spear.
* * * LOW HITPOINT WARNING * * *
You are engulfed in flames.
You resist.
* * * LOW HITPOINT WARNING * * *
The salamander hits you from afar with an enchanted trident!
* * * LOW HITPOINT WARNING * * *
You are engulfed in flames.
You resist.
You die... ≈ ≈§§ §§§≈§ ≈≈§≈≈≈ ####### §≈≈≈≈§..# +.....+ §§§≈≈≈§.# .8_8. §§§§≈≈§.# NNN

≈§≈≈≈§..## #N# ≈≈≈≈§§≈.#. #@#
.≈≈§≈≈§.# #.# ≈..§≈≈≈.# #.#
≈≈≈..≈.§# #.# ≈≈≈≈≈.§.# #.#
≈≈§§§§§.# #.#
≈§§§≈≈≈.########'######## ≈ §
≈≈≈≈≈≈≈....§§......§......≈≈≈≈≈§§
≈≈≈≈§≈≈≈≈.≈≈§≈§≈§≈≈.≈§≈≈≈§≈≈≈≈≈≈≈


You could see a salamander mystic and 3 salamanders.

Vanquished Creatures
  A spiny frog (Lair:1)
  A fire drake (D:8)
  A deep elf mage (D:6)
  A fire bat (Volcano)
  2 phantoms (D:5)
  3 black bears (D:7)
  2 ice beasts
  3 ogres
  2 centaurs (D:6)
  A giant frog (D:6)
  A wyvern zombie (D:7)
  3 wights (D:8)
  3 scorpions
  6 killer bees (D:7)
  A lava snake (Volcano)
  5 hounds
  Crazy Yiuf (D:5)
  A centaur skeleton (D:8)
  4 orc priests
  5 orc wizards
  An iguana (D:7)
  3 iron imps (D:3)
  A giant frog skeleton (D:4)
  2 worker ants
  A gnoll shaman (D:3)
  A hound zombie (D:5)
  15 gnolls
  6 adders
  2 shadow imps
  2 adder zombies
  The ghost of 4thArraOfDagon the Magician, a weakling MfWz (D:3)
  4 giant geckos
  15 orcs
  A bat skeleton (D:7)
  4 giant cockroaches
  16 hobgoblins
  17 jackals
  2 ball pythons
  14 bats
  2 giant gecko skeletons (D:4)
  A giant gecko zombie (D:6)
  4 giant newts
  A giant spore (D:7)
  14 goblins
  15 kobolds
  7 quokkas
  13 rats
  A ballistomycete (D:7)
213 creatures vanquished.

Vanquished Creatures (collateral kills)
  2 adders
  3 gnolls
  A giant cockroach (D:3)
  A goblin (D:3)
7 creatures vanquished.

Vanquished Creatures (others)
  A jelly (D:7)
1 creature vanquished.

Grand Total: 221 creatures vanquished

Notes
Turn   | Place    | Note
--------------------------------------------------------------
     0 | D:1      | Lokkij, the Demonspawn Transmuter, began the quest for the Orb.
     0 | D:1      | Reached XP level 1. HP: 15/15 MP: 3/3
   433 | D:1      | Reached skill level 3 in Unarmed Combat
   854 | D:1      | Gained mutation: When hurt, damage is shared between your health and your magic reserves. [demonic ancestry]
   854 | D:1      | Reached XP level 2. HP: 15/21 MP: 5/5
  1037 | D:1      | Learned a level 2 spell: Sticks to Snakes
  2104 | D:2      | Gained mutation: Your spells are a little easier to cast, but a little less powerful. [potion of mutation]
  2104 | D:2      | Gained mutation: You are clumsy. (Dex -2) [potion of mutation]
  2105 | D:2      | Lost mutation: You are clumsy. (Dex -2) [potion of mutation]
  2105 | D:2      | Gained mutation: Your system is resistant to poisons. [potion of mutation]
  2105 | D:2      | Gained mutation: You have a pair of small horns on your head. [potion of mutation]
  2111 | D:2      | Gained mutation: You have large cloven feet. [demonic ancestry]
  2111 | D:2      | Reached XP level 3. HP: 26/26 MP: 6/6
  2742 | D:2      | Reached XP level 4. HP: 28/32 MP: 7/7
  2770 | D:2      | Reached skill level 4 in Unarmed Combat
  2793 | D:3      | Noticed 4thArraOfDagon's ghost (weakling MfWz)
  2824 | D:3      | Killed 4thArraOfDagon's ghost
  3507 | D:3      | Found a burning altar of Makhleb.
  3525 | D:3      | Gained mutation: You have sharp fingernails. [demonic ancestry]
  3525 | D:3      | Reached XP level 5. HP: 37/37 MP: 6/8
  4169 | D:3      | Gained mutation: You have very sharp fingernails. [demonic ancestry]
  4169 | D:3      | Reached XP level 6. HP: 38/43 MP: 2/9
  4219 | D:3      | Reached skill level 5 in Unarmed Combat
  5012 | D:4      | Noticed MordorOrchid's ghost (average FeTm)
  5036 | D:4      | HP: 2/43 [MordorOrchid's ghost (5)]
  5384 | D:4      | Found a deep blue altar of Sif Muna.
  5384 | D:4      | Found a glowing silver altar of Zin.
  5400 | D:4      | Reached skill level 5 in Transmutations
  5400 | D:4      | Reached XP level 7. HP: 39/48 MP: 8/10
  5634 | D:5      | Entered Level 5 of the Dungeon
  6147 | D:5      | Reached skill level 6 in Unarmed Combat
  6588 | D:5      | Noticed Crazy Yiuf
  6595 | D:5      | Killed Crazy Yiuf
  6757 | D:5      | Learned a level 5 spell: Blade Hands
  6808 | D:5      | Reached XP level 8. HP: 49/54 MP: 9/11
  6847 | D:5      | Found a sacrificial altar of Ru.
  6863 | D:5      | Became a worshipper of Ru the Awakened
  7097 | D:6      | Reached skill level 7 in Unarmed Combat
  7846 | D:6      | Reached skill level 8 in Unarmed Combat
  8010 | D:7      | Found a bloodstained altar of Trog.
  8020 | D:7      | Reached XP level 9. HP: 53/59 MP: 5/12
  8149 | D:7      | Gained mutation: You occasionally shout uncontrollably at your foes. [Ru sacrifice]
  8305 | D:7      | Found a sacrificial altar of Ru.
  8305 | D:7      | Found a shadowy altar of Dithmenos.
  8651 | D:7      | Found a staircase to the Ecumenical Temple.
  8661 | Temple   | Entered the Ecumenical Temple
  9883 | D:8      | Reached skill level 9 in Unarmed Combat
 10024 | D:8      | Found a staircase to the Lair.
 10027 | D:8      | Got a smoking leather armour
 10028 | D:8      | Identified the +6 leather armour of Whack-A-Mole {rPois rF+ Dex+4} (You found it on level 8 of the Dungeon)
 10030 | D:8      | Noticed a fire drake
 10060 | D:8      | Killed a fire drake
 10131 | Lair:1   | Entered Level 1 of the Lair of Beasts
 10133 | Lair:1   | Noticed a spiny frog
 10137 | Lair:1   | Killed a spiny frog
 10228 | Lair:1   | Found a dark tunnel.
 10244 | Volcano  | Entered a volcano
 10403 | Volcano  | Found a bloodstained altar of Trog.
 10403 | Volcano  | Noticed a salamander
 10403 | Volcano  | Noticed a salamander
 10403 | Volcano  | Noticed a salamander
 10403 | Volcano  | Noticed a salamander mystic
 10408 | Volcano  | Slain by a salamander

Action                   |  1- 3 |  4- 6 |  7- 9 || total
-------------------------+-------+-------+-------++-------
Melee: Unarmed           |    27 |       |   244 ||   271
       Short sword       |    14 |       |       ||    14
       Spear             |   118 |       |       ||   118
       Quarterstaff      |    27 |   193 |   147 ||   367
 Fire: Blowgun           |       |       |     2 ||     2
 Cast: Beastly Appendage |     4 |       |       ||     4
       Sticks to Snakes  |     3 |    13 |     8 ||    24
       Blade Hands       |       |       |    10 ||    10
Invok: Sacrifice Purity  |       |       |     1 ||     1
  Use: Scroll            |     4 |     3 |     6 ||    13
       Potion            |     2 |     9 |     3 ||    14
 Stab: Sleeping          |     1 |       |       ||     1
       Invisible         |       |     3 |       ||     3
  Eat: Chunk             |     5 |     9 |    18 ||    32
       Pizza             |       |     1 |     1 ||     2
       Beef jerky        |       |       |     1 ||     1
